SNL (28 & UNDER)
MEMPHIS BLUES @ BEAUMONT ROUGHNECKS
06/13/2030
 
TOP OF THE 1ST
Memphis Blues batting - Pitching for Beaumont Roughnecks : LHP Hunter Johnson
Pitching: LHP Hunter Johnson
Batting: RHB Brandon Townsley 0-0: Ball
1-0: Ball
2-0: Ball
3-0: Base on Balls
Batting: LHB Brenton Carter 0-0: Called Strike
0-1: Ball
1-1: Ball
2-1: Ground out 5-3 (Groundball, 56S)
Brandon Townsley to second
Batting: SHB Fernando Gutiérrez 0-0: Ball
1-0: Called Strike
Brandon Townsley steals 3rd base
1-1: Ball
2-1: Foul Ball, location: 2F
2-2: Foul Ball, location: 2F
2-2: Ground out 6-3 (Groundball, 6M)
Brandon Townsley scores
Batting: RHB Julian Lee 0-0: Ball
1-0: Ball
2-0: Ground out 6-3 (Groundball, 56)
Top of the 1st over - 1 run, 0 hits, 0 errors, 0 left on base; Memphis 1 - Beaumont 0
BOTTOM OF THE 1ST
Beaumont Roughnecks batting - Pitching for Memphis Blues : RHP Tim Murray
Pitching: RHP Tim Murray
Batting: RHB John James 0-0: Called Strike
0-1: Swinging Strike
0-2: Strikes out looking
Batting: LHB Roberto Félix 0-0: Called Strike
0-1: Foul Ball, location: 2F
0-2: Ball
1-2: Ball
2-2: Strikes out looking
Batting: RHB Jeff Mason 0-0: Called Strike
0-1: Ball
1-1: Ball
2-1: Fly out, F9 (Flyball, 9LD)
Bottom of the 1st over - 0 runs, 0 hits, 0 errors, 0 left on base; Memphis 1 - Beaumont 0
TOP OF THE 2ND
Memphis Blues batting - Pitching for Beaumont Roughnecks : LHP Hunter Johnson
Batting: RHB Ryan Nelson 0-0: Ball
1-0: Foul Ball, location: 2F
1-1: Ball
2-1: Ball
3-1: Foul Ball, location: 2F
3-2: Base on Balls
Batting: RHB Kirk Powell 0-0: Ball
1-0: Called Strike
1-1: Ball
2-1: Ball
3-1: Called Strike
3-2: Foul Ball, location: 2F
3-2: Base on Balls
Ryan Nelson to second
Batting: SHB Ron Winston 0-0: Called Strike
0-1: Swinging Strike
0-2: Ball
1-2: Strikes out looking
Batting: LHB Freddy Torres 0-0: SINGLE (Groundball, 34D)
Ryan Nelson to third
Kirk Powell to second
Runner from 3rd tries for Home, SAFE, no throw
Batting: SHB José Velásquez 0-0: Ball
Wild Pitch!
Kirk Powell to third
Freddy Torres to second
1-0: Foul Ball, location: 2F
1-1: Foul Ball, location: 2F
1-2: Ground out 6-3 (Groundball, 6)
Kirk Powell scores
Batting: RHB Brandon Townsley 0-0: Ball
1-0: Swinging Strike
1-1: Ball
2-1: Foul Ball, location: 2F
2-2: Foul Ball, location: 2F
2-2: Foul Ball, location: 2F
2-2: Ball
3-2: Foul Ball, location: 2F
3-2: Ground out 6-3 (Groundball, 6)
Top of the 2nd over - 2 runs, 1 hit, 0 errors, 1 left on base; Memphis 3 - Beaumont 0
BOTTOM OF THE 2ND
Beaumont Roughnecks batting - Pitching for Memphis Blues : RHP Tim Murray
Batting: RHB Jim MacAchounich 0-0: Foul Ball, location: 2F
0-1: Ball
1-1: Foul Ball, location: 2F
1-2: Ground out U3 (Groundball, 34S)
Batting: SHB Scott Cox 0-0: Called Strike
0-1: SINGLE (Groundball, 4D)
Batting: RHB Andrew O'Dell 0-0: Called Strike
0-1: Ball
1-1: Swinging Strike
1-2: Ball
2-2: Foul Ball, location: 2F
2-2: Ball
3-2: Strikes out looking
Batting: RHB António Aguilar 0-0: Fly out, F5 (Popup, 25F)
Bottom of the 2nd over - 0 runs, 1 hit, 0 errors, 1 left on base; Memphis 3 - Beaumont 0
TOP OF THE 3RD
Memphis Blues batting - Pitching for Beaumont Roughnecks : LHP Hunter Johnson
Batting: LHB Brenton Carter 0-0: Called Strike
0-1: DOUBLE (Flyball, 78XD)
Batting: SHB Fernando Gutiérrez 0-0: Called Strike
0-1: Ball
1-1: Ball
2-1: Ball
3-1: Foul Ball, location: 2F
3-2: Base on Balls
Batting: RHB Julian Lee 0-0: Called Strike
0-1: Called Strike
0-2: Foul Ball, location: 2F
0-2: Foul Ball, location: 2F
0-2: SINGLE (Line Drive, 8LS)
Brenton Carter to third
Fernando Gutiérrez to second
Batting: RHB Ryan Nelson 0-0: Foul Ball, location: 2F
0-1: Swinging Strike
0-2: Ball
1-2: Ball
2-2: Ball
3-2: Foul Ball, location: 2F
3-2: Foul Ball, location: 2F
3-2: Base on Balls
Brenton Carter scores
Fernando Gutiérrez to third
Julian Lee to second
Batting: RHB Kirk Powell 0-0: Called Strike
0-1: Reached on error, E3 (Groundball, 34)
Fernando Gutiérrez scores
Julian Lee to third
Ryan Nelson to second
Batting: SHB Ron Winston 0-0: Called Strike
0-1: Called Strike
0-2: Ball
1-2: Strikes out swinging
Batting: LHB Freddy Torres 0-0: Fly out, F6 (Line Drive, 6M)
Batting: SHB José Velásquez 0-0: Called Strike
0-1: Ground out 6-3 (Groundball, 6S)
Top of the 3rd over - 2 runs, 2 hits, 1 error, 3 left on base; Memphis 5 - Beaumont 0
BOTTOM OF THE 3RD
Beaumont Roughnecks batting - Pitching for Memphis Blues : RHP Tim Murray
Batting: RHB Miguel Costa 0-0: Ball
1-0: Swinging Strike
1-1: Foul Ball, location: 2F
1-2: Ball
2-2: Strikes out swinging
Batting: SHB Walton Locke 0-0: Ball
1-0: Called Strike
1-1: Ball
2-1: Ball
3-1: Ground out 5-3 (Groundball, 5)
Batting: RHB John James 0-0: Called Strike
0-1: SINGLE (Groundball, 56) (infield hit)
Batting: LHB Roberto Félix 0-0: Ball
1-0: Called Strike
1-1: Foul Ball, location: 2F
1-2: Foul Ball, location: 2F
1-2: Foul Ball, location: 2F
1-2: Ball
2-2: Foul Ball, location: 2F
2-2: Foul Ball, location: 2F
2-2: Ground out 4-3 (Groundball, 4)
Bottom of the 3rd over - 0 runs, 1 hit, 0 errors, 1 left on base; Memphis 5 - Beaumont 0
TOP OF THE 4TH
Memphis Blues batting - Pitching for Beaumont Roughnecks : LHP Hunter Johnson
Batting: RHB Brandon Townsley 0-0: Ball
1-0: Ball
2-0: Ball
3-0: Base on Balls
Pitching: RHP Mike Marks
Batting: LHB Brenton Carter 0-0: Ball
1-0: Ball
2-0: Called Strike
2-1: Ground out 4-3 (Groundball, 34)
Brandon Townsley to second
Batting: SHB Fernando Gutiérrez 0-0: Called Strike
0-1: Ball
1-1: SINGLE (Groundball, 6MD)
Brandon Townsley to third
Runner from 3rd tries for Home, SAFE, throw made home
Fernando Gutiérrez to second
Batting: RHB Julian Lee 0-0: Ground out 5-3 (Groundball, 5)
Batting: RHB Ryan Nelson 0-0: Swinging Strike
0-1: Ball
1-1: Ball
2-1: SINGLE (Groundball, 4D)
Fernando Gutiérrez to third
Runner from 3rd tries for Home, SAFE, no throw
Batting: RHB Kirk Powell 0-0: Called Strike
Pickoff Throw to First - Out!
Top of the 4th over - 2 runs, 2 hits, 0 errors, 0 left on base; Memphis 7 - Beaumont 0
BOTTOM OF THE 4TH
Beaumont Roughnecks batting - Pitching for Memphis Blues : RHP Tim Murray
Batting: RHB Jeff Mason 0-0: Ball
1-0: Ground out 6-3 (Groundball, 6)
Batting: RHB Jim MacAchounich 0-0: Called Strike
0-1: Ball
1-1: Ball
2-1: Foul Ball, location: 2F
2-2: Strikes out looking
Batting: SHB Scott Cox 0-0: Ball
1-0: Ball
2-0: SINGLE (Line Drive, 78S)
Batting: RHB Andrew O'Dell 0-0: Ball
1-0: Ball
2-0: Foul Ball, location: 2F
2-1: Fly out, F7 (Line Drive, 78D)
Bottom of the 4th over - 0 runs, 1 hit, 0 errors, 1 left on base; Memphis 7 - Beaumont 0
TOP OF THE 5TH
Memphis Blues batting - Pitching for Beaumont Roughnecks : RHP Mike Marks
Batting: RHB Kirk Powell 0-0: Foul Ball, location: 2F
0-1: Swinging Strike
0-2: Ball
1-2: Strikes out swinging
Batting: SHB Ron Winston 0-0: Called Strike
0-1: Ball
1-1: Called Strike
1-2: SINGLE (Line Drive, 7S)
Batting: LHB Freddy Torres 0-0: Foul Ball, location: 2F
0-1: Ball
1-1: Ball
2-1: Ball
3-1: Foul Ball, location: 2F
3-2: Base on Balls
Ron Winston to second
Batting: SHB José Velásquez 0-0: Called Strike
Ron Winston steals 3rd base
0-1: Ball
1-1: Swinging Strike
1-2: Ball
2-2: Foul Ball, location: 2F
2-2: Foul Ball, location: 2F
2-2: Ball
3-2: Foul Ball, location: 2F
3-2: Grounds into double play, 4-6-3 (Groundball, 4)
Top of the 5th over - 0 runs, 1 hit, 0 errors, 1 left on base; Memphis 7 - Beaumont 0
BOTTOM OF THE 5TH
Beaumont Roughnecks batting - Pitching for Memphis Blues : RHP Tim Murray
Batting: RHB António Aguilar 0-0: Ball
1-0: Fly out, F9 (Flyball, 89S)
Batting: RHB Miguel Costa 0-0: Fly out, F4 (Line Drive, 4)
Batting: SHB Walton Locke 0-0: Called Strike
0-1: Foul Ball, location: 2F
0-2: Ball
1-2: Foul Ball, location: 2F
1-2: Foul Ball, location: 2F
1-2: Strikes out swinging
Bottom of the 5th over - 0 runs, 0 hits, 0 errors, 0 left on base; Memphis 7 - Beaumont 0
TOP OF THE 6TH
Memphis Blues batting - Pitching for Beaumont Roughnecks : RHP Mike Marks
Batting: RHB Brandon Townsley 0-0: Ball
1-0: Ball
2-0: Foul Ball, location: 2F
2-1: Called Strike
2-2: Ball
3-2: Foul Ball, location: 2F
3-2: Strikes out swinging
Batting: LHB Brenton Carter 0-0: Ball
1-0: Called Strike
1-1: Foul Ball, location: 2F
1-2: Strikes out swinging
Batting: SHB Fernando Gutiérrez 0-0: Ball
1-0: Foul Ball, location: 2F
1-1: Swinging Strike
1-2: Foul Ball, location: 2F
1-2: Foul Ball, location: 2F
1-2: Foul Ball, location: 2F
1-2: Ball
2-2: Strikes out looking
Top of the 6th over - 0 runs, 0 hits, 0 errors, 0 left on base; Memphis 7 - Beaumont 0
BOTTOM OF THE 6TH
Beaumont Roughnecks batting - Pitching for Memphis Blues : RHP Tim Murray
Batting: RHB John James 0-0: Swinging Strike
0-1: SINGLE (Groundball, 56D)
Batting: LHB Roberto Félix 0-0: Called Strike
0-1: Ball
1-1: Ball
2-1: Grounds into double play, 4-6-3 (Groundball, 4)
Batting: RHB Jeff Mason 0-0: Ball
1-0: Ball
2-0: Called Strike
2-1: Swinging Strike
2-2: Foul Ball, location: 2F
2-2: Foul Ball, location: 2F
2-2: Foul Ball, location: 2F
2-2: Ball
3-2: Base on Balls
Batting: RHB Jim MacAchounich 0-0: Swinging Strike
0-1: Ball
1-1: Foul Ball, location: 2F
1-2: Ball
2-2: Strikes out looking
Bottom of the 6th over - 0 runs, 1 hit, 0 errors, 1 left on base; Memphis 7 - Beaumont 0
TOP OF THE 7TH
Memphis Blues batting - Pitching for Beaumont Roughnecks : RHP Mike Marks
Pitching: LHP Mark De Jesús
Batting: RHB Julian Lee 0-0: Ball
1-0: Called Strike
1-1: Foul Ball, location: 2F
1-2: Foul Ball, location: 2F
1-2: Foul Ball, location: 2F
1-2: Foul Ball, location: 2F
1-2: Ball
2-2: SINGLE (Groundball, 56D)
Batting: RHB Ryan Nelson 0-0: Ball
1-0: Foul Ball, location: 2F
1-1: Ball
2-1: Swinging Strike
2-2: Strikes out swinging
Batting: RHB Kirk Powell 0-0: Ball
1-0: Foul Ball, location: 2F
1-1: Ball
2-1: Ball
3-1: Base on Balls
Julian Lee to second
Batting: SHB Ron Winston 0-0: Ball
1-0: Ball
2-0: Called Strike
2-1: Grounds into double play, 1-4-3 (Groundball, 15)
Top of the 7th over - 0 runs, 1 hit, 0 errors, 1 left on base; Memphis 7 - Beaumont 0
BOTTOM OF THE 7TH
Beaumont Roughnecks batting - Pitching for Memphis Blues : RHP Tim Murray
Batting: SHB Scott Cox 0-0: Ball
1-0: Called Strike
1-1: Ball
2-1: Ball
3-1: Base on Balls
Batting: RHB Andrew O'Dell 0-0: Foul Ball, location: 2F
0-1: Ball
1-1: Called Strike
1-2: Foul Ball, location: 2F
1-2: Strikes out swinging
Batting: RHB António Aguilar 0-0: Ball
1-0: Foul Ball, location: 2F
1-1: Ball
2-1: Foul Ball, location: 2F
2-2: Ball
3-2: Fly out, F2 (Popup, 2LF)
Batting: RHB Miguel Costa 0-0: SINGLE (Groundball, 56D)
Scott Cox to second
Batting: SHB Walton Locke 0-0: Ball
1-0: Swinging Strike
1-1: Ground out 4-3 (Groundball, 34)
Bottom of the 7th over - 0 runs, 1 hit, 0 errors, 2 left on base; Memphis 7 - Beaumont 0
TOP OF THE 8TH
Memphis Blues batting - Pitching for Beaumont Roughnecks : LHP Mark De Jesús
Batting: LHB Freddy Torres 0-0: Ball
1-0: Called Strike
1-1: Ball
2-1: Ball
3-1: Foul Ball, location: 2F
3-2: Base on Balls
Batting: SHB José Velásquez 0-0: Called Strike
0-1: Called Strike
0-2: Foul Ball, location: 2F
0-2: Ball
1-2: Foul Ball, location: 2F
1-2: Ground out 6-3 (Groundball, 6S)
Freddy Torres to second
Batting: RHB Brandon Townsley 0-0: Ball
1-0: Ball
2-0: Foul Ball, location: 2F
2-1: Fly out, F8 (Flyball, 8LM)
Batting: LHB Brenton Carter 0-0: Ball
1-0: Ball
2-0: Ball
3-0: Called Strike
3-1: Base on Balls
Batting: SHB Fernando Gutiérrez 0-0: Called Strike
0-1: Called Strike
0-2: Strikes out looking
Top of the 8th over - 0 runs, 0 hits, 0 errors, 2 left on base; Memphis 7 - Beaumont 0
BOTTOM OF THE 8TH
Beaumont Roughnecks batting - Pitching for Memphis Blues : RHP Tim Murray
Now in LF: Artie Green
Batting: RHB John James 0-0: Ball
1-0: Called Strike
1-1: Ground out 6-3 (Groundball, 6)
Batting: LHB Roberto Félix 0-0: Ball
1-0: Ground out 6-3 (Groundball, 6M)
Batting: RHB Jeff Mason 0-0: Foul Ball, location: 2F
0-1: Foul Ball, location: 2F
0-2: Ball
1-2: Fly out, F8 (Line Drive, 8RD)
Bottom of the 8th over - 0 runs, 0 hits, 0 errors, 0 left on base; Memphis 7 - Beaumont 0
TOP OF THE 9TH
Memphis Blues batting - Pitching for Beaumont Roughnecks : LHP Mark De Jesús
Batting: RHB Julian Lee 0-0: Ball
1-0: Ball
2-0: Foul Ball, location: 2F
2-1: SINGLE (Line Drive, 8LS)
Batting: RHB Ryan Nelson 0-0: Called Strike
0-1: Foul Ball, location: 2F
0-2: Strikes out swinging
Batting: RHB Kirk Powell 0-0: Ball
1-0: Foul Ball, location: 2F
1-1: Called Strike
1-2: Ball
2-2: Ball
3-2: Base on Balls
Julian Lee to second
Batting: SHB Ron Winston 0-0: SINGLE (Groundball, 4MD)
Julian Lee to third
Kirk Powell to second
Batting: LHB Freddy Torres 0-0: Ball
1-0: Fly out, F6 (Line Drive, 6)
Lined into DP, 6-5 (Line Drive, 6)
Top of the 9th over - 0 runs, 2 hits, 0 errors, 2 left on base; Memphis 7 - Beaumont 0
BOTTOM OF THE 9TH
Beaumont Roughnecks batting - Pitching for Memphis Blues : RHP Tim Murray
Now at C: Guy Morrison
Now at 1B: Wilson Flores
Now at 3B: Ángel López
Batting: RHB Jim MacAchounich 0-0: Foul Ball, location: 2F
0-1: Foul Ball, location: 2F
0-2: Ball
1-2: Strikes out swinging
Batting: SHB Scott Cox 0-0: Called Strike
0-1: Swinging Strike
0-2: Strikes out swinging
Batting: RHB Andrew O'Dell 0-0: Called Strike
0-1: Ball
1-1: Ball
2-1: Foul Ball, location: 2F
2-2: Ground out 6-3 (Groundball, 6)
Bottom of the 9th over - 0 runs, 0 hits, 0 errors, 0 left on base; Memphis 7 - Beaumont 0
Saturday, April 7th, 2018 - OOTP Baseball 18.8 Build 76